 Dungeon Crawl Stone Soup version 0.20-a0-647-gf178af5 (console) character file.

223 nht the Chopper (level 6, -14/47 HPs)
             Began as a Formicid Fighter on Feb 15, 2017.
             Was a Believer of Uskayaw.
             Demolished by an orc warrior
             ... wielding a +0 scimitar
              (16 damage)
             ... on level 3 of the Dungeon.
             The game lasted 00:03:45 (2170 turns).

nht the Chopper (Formicid Fighter)                  Turns: 2170, Time: 00:03:46

Health: -14/47     AC:  8    Str: 26      XL:     6   Next: 20%
Magic:  12/15      EV:  8    Int:  6 (7)  God:    Uskayaw [**....]
Gold:   115        SH: 11    Dex: 10      Spells: 5/5 levels left

rFire    . . .     SeeInvis +   a - +0 war axe
rCold    . . .     Gourm    .   b - +0 scale mail
rNeg     . . .     Faith    .   c - +1 shield
rPois    .         Spirit   .   (helmet unavailable)
rElec    .         Reflect  .   e - +0 cloak
rCorr    .         Harm     .   (no gloves)
MR       .....                  (no boots)
Stlth    ..........             (no amulet)
Regen    0.2/turn               m - -2 ring of strength (curse)
MPRegen  0.2/turn               h - ring of magical power

@: mighty
A: permanent stasis, dig shafts and tunnels, four strong arms, antennae 3
a: Dig, Shaft Self, Stomp, Line Pass, Renounce Religion


You were on level 3 of the Dungeon.
You worshipped Uskayaw.
Uskayaw was noncommittal.
You were not hungry.

You visited 1 branch of the dungeon, and saw 3 of its levels.

You collected 115 gold pieces.

Inventory:

Hand Weapons
 a - a +0 war axe (weapon)
 g - a +1 hand axe of chopping
Armour
 b - a +0 scale mail (worn)
 c - a +1 shield (worn)
 e - a +0 cloak (worn)
Jewellery
 h - a ring of magical power (left hand)
 m - a cursed -2 ring of strength (right hand)
 s - a cursed ring of loudness {unknown}
Scrolls
 i - a scroll of remove curse {unknown}
 n - 2 scrolls of teleportation {unknown}
 o - 8 scrolls of identify {unknown}
 p - 2 scrolls of fear {unknown}
 t - a scroll of noise {unknown}
Comestibles
 f - 2 bread rations
 j - 5 chunks of flesh
 k - a meat ration
 r - 3 fruits


   Skills:
 - Level 3.2 Fighting
 + Level 6.0 Axes
 - Level 3.2 Armour
 - Level 3.6 Shields


You had 5 spell levels left.
You didn't know any spells.

Dungeon Overview and Level Annotations

Branches:
Dungeon (3/15)

Altars:
Dithmenos
Trog
Uskayaw
Yredelemnul


Innate Abilities, Weirdness & Mutations

You cannot be hasted, slowed, berserked, paralysed or teleported.
You can dig through walls and to a lower floor.
Your four strong arms can wield two-handed weapons with a shield.
You have a pair of large antennae on your head. (SInv)


Message History

You feel somewhat more hungry.
You can no longer pass through a line of other dancers.
You block the orc wizard's attack. You block the orc warrior's attack.
You slash the orc wizard!
You kill the orc wizard!
Your Axes skill increases to level 6!
You slash the orc warrior! You block the orc warrior's attack.
You can now pass through a line of other dancers.
You hit the orc warrior but do no damage.
The orc warrior is severely wounded.
You completely miss the orc. The orc hits you but does no damage.
The orc warrior hits you with a scimitar!
* * * LOW HITPOINT WARNING * * *
You closely miss the orc warrior.
The orc warrior is severely wounded.
You hit the orc.
You kill the orc!
You feel your strength returning.
The orc warrior hits you with a scimitar!
You die...

█.█.██..)..█.██.......█.██..██
█....█..))...██.......█.██.)██
█.█........███.......█.......
█...█..................█.....
██.........███.....).........
███......█████........).....
...........█ █.P.P.....█....
███.......)███.._...████████
{.......█.█o@...P.P..█ █
...................█████████
████.█......................
█..>.....█...............█
█..........██.█.........██
█........███████████....█
.<.....█.██ ██.███ ███........
█)█ █..█.█.█.. █.█


You could see an orc warrior.

Vanquished Creatures
  3 orc wizards (D:3)
  6 adders
  3 worms
  5 dart slugs
  2 leopard geckos
  3 orcs (D:3)
  2 ball pythons (D:3)
  4 giant cockroaches
  5 goblins
  5 hobgoblins
  9 kobolds
  3 quokkas
  3 bats
  14 frilled lizards
  4 rats
71 creatures vanquished.

Notes
Turn   | Place    | Note
-------+----------+-------------------------------------------
     0 | D:1      | nht the Formicid Fighter began the quest for the Orb.
     0 | D:1      | Reached XP level 1. HP: 18/18 MP: 1/1
    96 | D:1      | Reached XP level 2. HP: 18/24 MP: 2/2
   229 | D:1      | Reached skill level 3 in Axes
   315 | D:1      | Reached XP level 3. HP: 17/29 MP: 3/3
   740 | D:2      | Reached skill level 4 in Axes
   740 | D:2      | Reached XP level 4. HP: 24/35 MP: 4/4
  1356 | D:2      | Found a hide-covered altar of Uskayaw.
  1602 | D:2      | Became a worshipper of Uskayaw the Reveler
  1627 | D:3      | Reached * piety under Uskayaw
  1641 | D:3      | Found a basalt altar of Yredelemnul.
  1653 | D:3      | Reached XP level 5. HP: 32/41 MP: 5/5
  1653 | D:3      | Reached ** piety under Uskayaw
  1726 | D:3      | Reached skill level 5 in Axes
  1736 | D:3      | Reached *** piety under Uskayaw
  1818 | D:3      | Found a shadowy altar of Dithmenos.
  1822 | D:3      | Found a bloodstained altar of Trog.
  2034 | D:3      | Reached XP level 6. HP: 17/47 MP: 6/6
  2161 | D:3      | Noticed an orc warrior
  2168 | D:3      | Reached skill level 6 in Axes
  2169 | D:3      | HP: 1/47 [orc warrior/scimitar (16)]
  2170 | D:3      | Demolished by an orc warrior

Vault maps used:
D:1:      dpeg_arrival_rhombus, minmay_strange_pillars, minmay_lizard_pond
D:2:      eat_drink_and_be_merry_uskayaw, first_bread
D:3:      yredelemnul_altar_generic, nicolae_overflow_hidden_temple,
          kennysheep_generic_room_4

Skill      XL: |  1  2  3  4  5  6 |
---------------+-------------------+-----
Axes           | 3 4 5 6 |  6.0
Fighting       | |  3.2
Armour         | |  3.2
Shields        | |  3.6

Action                   |  1- 3 |  4- 6 || total
-------------------------+-------+-------++-------
Melee: War axe           |    94 |   145 ||   239
Invok: Stomp             |       |     1 ||     1
  Use: Potion            |       |     5 ||     5
       Scroll            |       |     1 ||     1
  Eat: Chunk             |       |     5 ||     5
Armor: Scale mail        |    56 |    53 ||   109
       Skin              |       |    24 ||    24
Dodge: Dodged            |    35 |    32 ||    67
Block: Shield            |    64 |    87 ||   151
